1836 views
Uploaded 2023-08-15 01:54:56
Game version 1.36 (6115)
32:11 long 3on3 ladder game on (6)ThunderLake_LV
Saved by GIGA
1836 views
Uploaded 2023-08-15 01:54:56
Game version 1.36 (6115)
32:11 long 3on3 ladder game on (6)ThunderLake_LV


136 units @ 19.8k
/ 2.9k
109 buildings @ 15.4k
/ 7.4k


| Healing Salve | 1 | 100 |
| total: | 1 | 100g |
| Peon | 20 | 1500 | / | 0 |
| Troll Headhunter | 12 | 1680 | / | 240 |
| Raider | 1 | 180 | / | 40 |
| Troll Batrider | 12 | 1920 | / | 480 |
| Shaman | 3 | 390 | / | 60 |
| Demolisher | 2 | 440 | / | 100 |
| total: | 50 | 6110g | / | 920w |
| Watch Tower | 6 | 660 | / | 480 |
| Altar of Storms | 1 | 180 | / | 50 |
| Orc Burrow | 7 | 1120 | / | 280 |
| War Mill | 1 | 205 | / | 0 |
| Barracks | 1 | 180 | / | 50 |
| Voodoo Lounge | 1 | 130 | / | 30 |
| Great Hall | 3 | 1155 | / | 555 |
| Beastiary | 4 | 580 | / | 560 |
| Spirit Lodge | 1 | 150 | / | 150 |
| Stronghold | 2 | 630 | / | 380 |
| Fortress | 1 | 325 | / | 190 |
| total: | 25 | 4360g | / | 2155w |
| 0:04 | Altar of Storms |
| 0:05 | Peon |
| 0:08 | Orc Burrow |
| 0:10 | Peon |
| 0:36 | Peon |
| 0:44 | War Mill |
| 0:57 | Peon |
| 1:16 | Peon |
| 1:23 | Barracks |
| 1:30 | Peon |
| 1:42 | Orc Burrow |
| 1:49 | Peon |
| 2:21 | Shockwave |
| 2:27 | Troll Headhunter |
| 2:37 | Voodoo Lounge |
| 3:01 | Troll Headhunter |
| 3:05 | Troll Headhunter |
| 3:27 | Troll Headhunter |
| 3:47 | Stronghold |
| 3:52 | Orc Burrow |
| 4:29 | Healing Salve |
| 4:50 | Troll Headhunter |
| 5:04 | Endurance Aura |
| 5:11 | Troll Headhunter |
| 5:23 | Watch Tower |
| 5:26 | Watch Tower |
| 6:05 | Orc Burrow |
| 7:02 | Troll Headhunter |
| 7:05 | Beastiary |
| 7:08 | Spirit Lodge |
| 7:30 | Shockwave |
| 7:33 | Troll Headhunter |
| 7:34 | Troll Regeneration |
| 7:36 | Steel Ranged Weapons |
| 8:11 | Healing Wave |
| 8:14 | Peon |
| 8:14 | Peon |
| 8:14 | Peon |
| 8:18 | Raider |
| 8:25 | Shaman Adept Training |
| 8:50 | Troll Headhunter |
| 8:55 | Steel Armor |
| 9:23 | Troll Headhunter |
| 9:23 | Troll Headhunter |
| 9:26 | Thorium Ranged Weapons |
| 10:29 | Serpent Ward |
| 11:23 | Endurance Aura |
| 11:52 | Fortress |
| 11:54 | Witch Doctor Adept Training |
| 11:56 | Troll Headhunter |
| 11:59 | Orc Burrow |
| 12:02 | Orc Burrow |
| 12:08 | Orc Burrow |
| 12:14 | Great Hall |
| 12:31 | Healing Wave |
| 13:02 | Troll Batrider |
| 13:02 | Troll Batrider |
| 13:04 | Troll Batrider |
| 13:06 | Shaman |
| 13:06 | Shaman |
| 13:31 | Thorium Armor |
| 14:59 | Shaman Master Training |
| 14:59 | Shaman |
| 15:32 | Peon |
| 15:32 | Peon |
| 15:33 | Peon |
| 15:33 | Peon |
| 15:53 | Witch Doctor Master Training |
| 16:05 | Liquid Fire |
| 17:05 | Berserker Upgrade |
| 17:19 | Troll Batrider |
| 17:19 | Troll Batrider |
| 17:21 | Troll Batrider |
| 18:18 | Beastiary |
| 18:21 | Beastiary |
| 18:22 | Peon |
| 18:22 | Peon |
| 18:22 | Peon |
| 19:20 | Beastiary |
| 20:10 | Troll Batrider |
| 20:11 | Troll Batrider |
| 20:26 | Troll Batrider |
| 20:26 | Troll Batrider |
| 20:29 | Arcanite Ranged Weapons |
| 20:36 | Peon |
| 20:37 | Peon |
| 20:37 | Peon |
| 20:56 | Troll Batrider |
| 21:18 | Troll Batrider |
| 21:24 | Burning Oil |
| 21:25 | Demolisher |
| 21:25 | Demolisher |
| 23:27 | Great Hall |
| 24:07 | Great Hall |
| 24:11 | Watch Tower |
| 24:14 | Watch Tower |
| 24:16 | Watch Tower |
| 25:17 | Watch Tower |
| Right click | 1279 |
| Select | 571 |
| Select group | 243 |
| Build/train/purchase | 86 |
| Misc. action | 72 |
| Use ability | 45 |
| Assign group | 26 |
| Item give/drop | 5 |
| Resource trade | 4 |
| Minimap ping | 3 |
| Esc | 1 |



| Scroll of Regeneration | 1 | 100 |
| total: | 1 | 100g |
| Peasant | 19 | 1425 | / | 0 |
| Dragonhawk Rider | 3 | 600 | / | 90 |
| Gryphon Rider | 9 | 2520 | / | 630 |
| Harpy Windwitch | 1 | 240 | / | 30 |
| Centaur Outrunner | 1 | 195 | / | 0 |
| Centaur Archer | 1 | 150 | / | 10 |
| total: | 34 | 5130g | / | 760w |
| Scout Tower | 5 | 150 | / | 100 |
| Arcane Tower | 5 | 350 | / | 250 |
| Guard Tower | 1 | 70 | / | 50 |
| Altar of Kings | 1 | 180 | / | 50 |
| Farm | 13 | 1040 | / | 260 |
| Lumber Mill | 1 | 120 | / | 0 |
| Blacksmith | 1 | 140 | / | 60 |
| Arcane Vault | 2 | 260 | / | 60 |
| Town Hall | 1 | 385 | / | 205 |
| Barracks | 2 | 320 | / | 120 |
| Gryphon Aviary | 2 | 280 | / | 300 |
| Keep | 1 | 320 | / | 210 |
| Castle | 1 | 360 | / | 210 |
| total: | 28 | 2875g | / | 1155w |
| 0:06 | Peasant |
| 0:07 | Peasant |
| 0:18 | Altar of Kings |
| 0:23 | Scout Tower |
| 0:28 | Farm |
| 0:37 | Peasant |
| 0:54 | Lumber Mill |
| 1:00 | Arcane Tower |
| 1:16 | Peasant |
| 1:17 | Peasant |
| 1:18 | Peasant |
| 1:43 | Blacksmith |
| 2:18 | Summon Bear |
| 2:58 | Keep |
| 3:05 | Improved Lumber Harvesting |
| 3:09 | Farm |
| 3:12 | Farm |
| 3:31 | Improved Masonry |
| 4:06 | Iron Forged Swords |
| 4:53 | Scout Tower |
| 5:12 | Guard Tower |
| 5:24 | Peasant |
| 5:24 | Peasant |
| 5:25 | Peasant |
| 5:38 | Gryphon Aviary |
| 5:50 | Peasant |
| 5:51 | Peasant |
| 6:20 | Gryphon Aviary |
| 6:27 | Advanced Lumber Harvesting |
| 7:00 | Arcane Vault |
| 7:14 | Summon Quilbeast |
| 7:24 | Castle |
| 7:26 | Advanced Masonry |
| 7:54 | Farm |
| 8:02 | Studded Leather Armor |
| 8:25 | Summon Lava Spawn |
| 8:35 | Dragonhawk Rider |
| 8:44 | Farm |
| 9:24 | Farm |
| 9:28 | Dragonhawk Rider |
| 9:31 | Dragonhawk Rider |
| 9:37 | Scout Tower |
| 9:53 | Gryphon Rider |
| 10:07 | Farm |
| 10:31 | Farm |
| 10:56 | Farm |
| 10:57 | Arcane Tower |
| 11:08 | Town Hall |
| 11:45 | Harpy Windwitch |
| 12:07 | Incinerate |
| 12:12 | Centaur Outrunner |
| 12:12 | Centaur Archer |
| 12:20 | Farm |
| 12:23 | Farm |
| 12:26 | Gryphon Rider |
| 12:32 | Storm Hammers |
| 13:01 | Summon Quilbeast |
| 13:23 | Gryphon Rider |
| 13:26 | Gryphon Rider |
| 13:49 | Scroll of Regeneration |
| 14:07 | Farm |
| 14:49 | Healing Spray |
| 15:11 | Peasant |
| 15:12 | Peasant |
| 15:17 | Scout Tower |
| 15:38 | Farm |
| 15:41 | Steel Forged Swords |
| 17:23 | Gryphon Rider |
| 17:24 | Gryphon Rider |
| 17:36 | Scout Tower |
| 17:37 | Arcane Tower |
| 18:08 | Arcane Vault |
| 18:18 | Arcane Tower |
| 18:27 | Peasant |
| 18:27 | Peasant |
| 18:31 | Arcane Tower |
| 18:33 | Peasant |
| 18:34 | Peasant |
| 18:34 | Peasant |
| 18:34 | Peasant |
| 18:45 | Imbued Masonry |
| 18:48 | Gryphon Rider |
| 20:46 | Gryphon Rider |
| 20:50 | Gryphon Rider |
| 20:58 | Mithril Forged Swords |
| 21:44 | Barracks |
| 21:50 | Barracks |
| Right click | 1267 |
| Select group | 653 |
| Select | 358 |
| Build/train/purchase | 87 |
| Assign group | 33 |
| Misc. action | 21 |
| Use ability | 12 |
| Resource trade | 8 |
| Minimap ping | 5 |
| Chat | 3 |
⇛
knightlife
(2)
(31:53) : 


| Rod of Necromancy | 4 | 600 |
| Sacrificial Skull | 3 | 150 |
| Potion of Mana | 1 | 200 |
| total: | 8 | 950g |
| Acolyte | 8 | 600 | / | 0 |
| Ghoul | 19 | 2280 | / | 0 |
| Crypt Fiend | 15 | 3225 | / | 600 |
| Frost Wyrm | 3 | 1155 | / | 360 |
| Necromancer | 1 | 145 | / | 20 |
| Troll Batrider | 2 | 320 | / | 80 |
| Kodo Beast | 1 | 255 | / | 60 |
| Rifleman | 3 | 615 | / | 90 |
| total: | 52 | 8595g | / | 1210w |
| Nerubian Tower | 1 | 100 | / | 20 |
| Spirit Tower | 3 | 435 | / | 120 |
| Altar of Darkness | 1 | 180 | / | 50 |
| Ziggurat | 11 | 1650 | / | 550 |
| Tomb of Relics | 2 | 260 | / | 60 |
| Crypt | 2 | 400 | / | 100 |
| Graveyard | 3 | 645 | / | 0 |
| Necropolis | 1 | 225 | / | 0 |
| Slaughterhouse | 1 | 140 | / | 135 |
| Temple of the Damned | 1 | 155 | / | 140 |
| Boneyard | 7 | 1225 | / | 1400 |
| Halls of the Dead | 2 | 640 | / | 420 |
| Black Citadel | 1 | 325 | / | 230 |
| Scout Tower | 9 | 270 | / | 180 |
| Watch Tower | 3 | 330 | / | 240 |
| Guard Tower | 4 | 280 | / | 200 |
| Town Hall | 3 | 1155 | / | 615 |
| Lumber Mill | 1 | 120 | / | 0 |
| Barracks | 4 | 640 | / | 240 |
| Farm | 4 | 320 | / | 80 |
| Blacksmith | 1 | 140 | / | 60 |
| Arcane Sanctum | 2 | 300 | / | 280 |
| Keep | 1 | 320 | / | 210 |
| total: | 56 | 8155g | / | 4130w |
| 0:08 | Acolyte |
| 0:08 | Acolyte |
| 0:08 | Acolyte |
| 0:13 | Altar of Darkness |
| 0:20 | Ziggurat |
| 1:05 | Tomb of Relics |
| 1:09 | Crypt |
| 1:14 | Tomb of Relics |
| 1:25 | Ziggurat |
| 1:43 | Graveyard |
| 1:51 | Graveyard |
| 2:40 | Rain of Fire |
| 2:43 | Ghoul |
| 2:44 | Ghoul |
| 2:46 | Nerubian Tower |
| 2:50 | Ziggurat |
| 3:15 | Spirit Tower |
| 3:38 | Ghoul |
| 3:38 | Ghoul |
| 3:38 | Ghoul |
| 4:14 | Ghoul |
| 4:21 | Halls of the Dead |
| 4:38 | Crypt Fiend |
| 4:53 | Rod of Necromancy |
| 5:26 | Crypt Fiend |
| 5:31 | Ziggurat |
| 7:18 | Ghoul |
| 7:18 | Ghoul |
| 7:18 | Ghoul |
| 7:20 | Ghoul |
| 7:20 | Ghoul |
| 7:25 | Ziggurat |
| 7:51 | Death Coil |
| 7:57 | Rod of Necromancy |
| 8:59 | Black Citadel |
| 9:00 | Ghoul |
| 9:00 | Ghoul |
| 9:01 | Ghoul |
| 9:01 | Ghoul |
| 9:52 | Cleaving Attack |
| 10:02 | Burrow |
| 10:03 | Web |
| 11:24 | Acolyte |
| 11:24 | Acolyte |
| 11:28 | Acolyte |
| 11:28 | Acolyte |
| 11:40 | Acolyte |
| 11:50 | Sacrificial Skull |
| 11:50 | Sacrificial Skull |
| 11:54 | Rod of Necromancy |
| 12:36 | Necropolis |
| 13:00 | Ziggurat |
| 13:02 | Ziggurat |
| 13:10 | Ziggurat |
| 13:12 | Ziggurat |
| 13:14 | Ziggurat |
| 13:22 | Ziggurat |
| 13:38 | Boneyard |
| 13:55 | Sacrificial Skull |
| 13:57 | Rod of Necromancy |
| 14:04 | Potion of Mana |
| 14:05 | Impale |
| 14:17 | Spirit Tower |
| 14:57 | Freezing Breath |
| 14:59 | Spirit Tower |
| 15:09 | Boneyard |
| 15:28 | Boneyard |
| 15:38 | Boneyard |
| 16:13 | Boneyard |
| 16:16 | Boneyard |
| 16:24 | Creature Attack |
| 16:25 | Creature Carapace |
| 16:27 | Ghoul Frenzy |
| 17:02 | Boneyard |
| 18:18 | Improved Creature Attack |
| 18:43 | Frost Wyrm |
| 18:43 | Frost Wyrm |
| 19:19 | Frost Wyrm |
| 22:01 | Crypt Fiend |
| 22:01 | Crypt Fiend |
| 23:22 | Crypt Fiend |
| 23:22 | Crypt Fiend |
| 23:22 | Crypt Fiend |
| 23:23 | Crypt Fiend |
| 23:23 | Crypt Fiend |
| 23:39 | Halls of the Dead |
| 23:42 | Crypt |
| 24:00 | Town Hall |
| 24:12 | Town Hall |
| 24:17 | Lumber Mill |
| 24:19 | Crypt Fiend |
| 24:40 | Town Hall |
| 24:53 | Scout Tower |
| 24:58 | Scout Tower |
| 25:03 | Scout Tower |
| 25:04 | Scout Tower |
| 25:06 | Scout Tower |
| 25:10 | Crypt Fiend |
| 25:10 | Crypt Fiend |
| 25:13 | Crypt Fiend |
| 25:23 | Scout Tower |
| 25:27 | Guard Tower |
| 25:59 | Guard Tower |
| 26:12 | Scout Tower |
| 26:15 | Troll Batrider |
| 26:23 | Kodo Beast |
| 26:23 | War Drums Damage Increase |
| 26:34 | Watch Tower |
| 26:38 | Watch Tower |
| 26:45 | Watch Tower |
| 26:56 | Troll Batrider |
| 27:12 | Guard Tower |
| 27:15 | Barracks |
| 27:16 | Keep |
| 27:19 | Barracks |
| 27:23 | Farm |
| 27:27 | Scout Tower |
| 27:30 | Scout Tower |
| 27:37 | Blacksmith |
| 27:48 | Graveyard |
| 27:50 | Ghoul |
| 27:50 | Ghoul |
| 28:48 | Barracks |
| 28:50 | Rifleman |
| 28:55 | Black Gunpowder |
| 29:00 | Barracks |
| 29:12 | Farm |
| 29:14 | Farm |
| 29:19 | Farm |
| 29:23 | Guard Tower |
| 29:34 | Slaughterhouse |
| 29:38 | Temple of the Damned |
| 29:47 | Ghoul |
| 29:47 | Ghoul |
| 30:18 | Rifleman |
| 30:18 | Long Rifles |
| 30:44 | Rifleman |
| 30:57 | Arcane Sanctum |
| 30:58 | Arcane Sanctum |
| 31:32 | Necromancer |
| 31:33 | Skeletal Mastery |
| 31:33 | Necromancer Adept Training |
| 31:35 | Crypt Fiend |
| 31:35 | Crypt Fiend |
| Select | 514 |
| Right click | 458 |
| Build/train/purchase | 106 |
| Use ability | 45 |
| Chat | 41 |
| Resource trade | 26 |
| Minimap ping | 22 |
| Misc. action | 15 |
| Item give/drop | 1 |
103 units @ 10.8k
/ 1.7k
116 buildings @ 11.6k
/ 5.7k
⇛
GIGA
(207)
(32:08) : 


| Replenishment Potion | 1 | 150 |
| total: | 1 | 150g |
| Peon | 16 | 1200 | / | 0 |
| Troll Witch Doctor | 4 | 580 | / | 100 |
| total: | 20 | 1780g | / | 100w |
| Watch Tower | 28 | 3080 | / | 2240 |
| Altar of Storms | 1 | 180 | / | 50 |
| Orc Burrow | 4 | 640 | / | 160 |
| War Mill | 1 | 205 | / | 0 |
| Voodoo Lounge | 1 | 130 | / | 30 |
| Spirit Lodge | 1 | 150 | / | 150 |
| Stronghold | 1 | 315 | / | 190 |
| Fortress | 1 | 325 | / | 190 |
| total: | 36 | 4385g | / | 2630w |
| 0:03 | Peon |
| 0:03 | Peon |
| 0:08 | Altar of Storms |
| 0:13 | Orc Burrow |
| 0:16 | Peon |
| 0:38 | Peon |
| 1:24 | Peon |
| 1:24 | Peon |
| 1:50 | Peon |
| 1:56 | Orc Burrow |
| 2:00 | War Mill |
| 2:04 | Peon |
| 2:16 | Peon |
| 2:19 | Hex |
| 2:31 | Peon |
| 2:32 | Peon |
| 3:09 | Peon |
| 3:09 | Peon |
| 3:09 | Peon |
| 3:10 | Peon |
| 3:13 | Watch Tower |
| 3:16 | Watch Tower |
| 3:18 | Watch Tower |
| 3:22 | Spiked Barricades |
| 4:00 | Peon |
| 4:09 | Watch Tower |
| 4:10 | Watch Tower |
| 4:25 | Stronghold |
| 4:36 | Watch Tower |
| 4:53 | Healing Wave |
| 5:00 | Bash |
| 5:26 | Watch Tower |
| 5:27 | Watch Tower |
| 6:03 | Voodoo Lounge |
| 6:48 | Spirit Lodge |
| 6:50 | Reinforced Defenses |
| 7:27 | Watch Tower |
| 7:46 | Watch Tower |
| 7:48 | Watch Tower |
| 7:49 | Watch Tower |
| 8:07 | Witch Doctor Adept Training |
| 8:11 | Improved Spiked Barricades |
| 8:34 | Watch Tower |
| 8:56 | Fortress |
| 9:10 | Troll Witch Doctor |
| 11:19 | Orc Burrow |
| 12:01 | War Stomp |
| 12:14 | Divine Shield |
| 12:20 | Replenishment Potion |
| 12:31 | Witch Doctor Master Training |
| 12:32 | Troll Witch Doctor |
| 12:32 | Troll Witch Doctor |
| 12:33 | Troll Witch Doctor |
| 12:41 | Orc Burrow |
| 14:59 | Wind Walk |
| 15:13 | Watch Tower |
| 15:14 | Watch Tower |
| 15:50 | Watch Tower |
| 15:50 | Watch Tower |
| 15:51 | Watch Tower |
| 15:53 | Watch Tower |
| 15:54 | Watch Tower |
| 15:57 | Watch Tower |
| 15:58 | Watch Tower |
| 17:14 | Watch Tower |
| 17:15 | Watch Tower |
| 20:03 | Watch Tower |
| 20:04 | Watch Tower |
| 20:10 | Watch Tower |
| 20:11 | Watch Tower |
| 20:15 | Endurance Aura |
| 23:59 | Endurance Aura |
| 27:59 | Healing Wave |
| 28:41 | War Stomp |
| Right click | 1496 |
| Select group | 1086 |
| Select | 334 |
| Resource trade | 103 |
| Build/train/purchase | 70 |
| Use ability | 31 |
| Chat | 24 |
| Minimap ping | 19 |
| Assign group | 18 |
| Item give/drop | 1 |


| Lesser Clarity Potion | 2 | 140 |
| Healing Salve | 1 | 100 |
| Tiny Great Hall | 1 | 600 |
| Potion of Mana | 1 | 200 |
| Orb of Lightning | 1 | 375 |
| Boots of Speed | 1 | 250 |
| Staff of Teleportation | 1 | 150 |
| Claws of Attack +9 | 1 | 300 |
| Gloves of Haste | 1 | 125 |
| total: | 10 | 2240g |
| Peon | 23 | 1725 | / | 0 |
| Troll Batrider | 21 | 3360 | / | 840 |
| total: | 44 | 5085g | / | 840w |
| Watch Tower | 4 | 440 | / | 320 |
| Altar of Storms | 3 | 540 | / | 150 |
| Orc Burrow | 6 | 960 | / | 240 |
| War Mill | 2 | 410 | / | 0 |
| Great Hall | 1 | 385 | / | 185 |
| Voodoo Lounge | 1 | 130 | / | 30 |
| Beastiary | 1 | 145 | / | 140 |
| Stronghold | 1 | 315 | / | 190 |
| Fortress | 1 | 325 | / | 190 |
| total: | 18 | 3010g | / | 1065w |
| 0:03 | Altar of Storms |
| 0:06 | Orc Burrow |
| 0:07 | Peon |
| 0:16 | Peon |
| 0:24 | Peon |
| 0:29 | Peon |
| 0:55 | War Mill |
| 0:58 | Peon |
| 1:18 | Peon |
| 1:28 | Peon |
| 1:28 | Peon |
| 1:32 | Peon |
| 1:44 | Peon |
| 1:58 | Orc Burrow |
| 2:08 | Peon |
| 2:23 | Orc Burrow |
| 2:31 | Wind Walk |
| 2:35 | Peon |
| 3:11 | Peon |
| 3:14 | Watch Tower |
| 3:18 | Watch Tower |
| 3:42 | Great Hall |
| 4:00 | Voodoo Lounge |
| 4:04 | Peon |
| 4:04 | Peon |
| 4:27 | Watch Tower |
| 4:29 | Watch Tower |
| 5:08 | Peon |
| 5:39 | Orc Burrow |
| 5:51 | Peon |
| 5:57 | Critical Strike |
| 6:05 | Stronghold |
| 8:51 | Altar of Storms |
| 8:53 | Altar of Storms |
| 8:58 | Lesser Clarity Potion |
| 9:00 | Healing Salve |
| 9:58 | Boots of Speed |
| 10:00 | Staff of Teleportation |
| 11:37 | Fortress |
| 11:52 | Beastiary |
| 13:43 | Tiny Great Hall |
| 15:37 | Lesser Clarity Potion |
| 15:40 | Potion of Mana |
| 16:25 | Liquid Fire |
| 16:26 | Troll Batrider |
| 16:26 | Troll Batrider |
| 16:26 | Troll Batrider |
| 16:45 | Peon |
| 16:46 | Peon |
| 16:46 | Peon |
| 16:46 | Peon |
| 19:05 | Troll Batrider |
| 19:06 | Troll Batrider |
| 19:06 | Troll Batrider |
| 19:36 | Troll Batrider |
| 19:36 | Troll Batrider |
| 20:13 | Critical Strike |
| 21:17 | Orc Burrow |
| 21:51 | Claws of Attack +9 |
| 21:54 | Gloves of Haste |
| 22:00 | War Mill |
| 22:21 | Orb of Lightning |
| 24:14 | Troll Batrider |
| 24:14 | Troll Batrider |
| 24:14 | Troll Batrider |
| 24:14 | Troll Batrider |
| 24:14 | Troll Batrider |
| 24:15 | Troll Batrider |
| 24:15 | Troll Batrider |
| 24:20 | Orc Burrow |
| 25:04 | Steel Ranged Weapons |
| 25:53 | Critical Strike |
| 26:21 | Thorium Ranged Weapons |
| 27:06 | Peon |
| 27:06 | Peon |
| 27:40 | Arcanite Ranged Weapons |
| 29:25 | Bladestorm |
| 30:22 | Troll Batrider |
| 30:22 | Troll Batrider |
| 30:23 | Troll Batrider |
| 30:23 | Troll Batrider |
| 30:23 | Troll Batrider |
| 30:24 | Troll Batrider |
| 31:09 | Chain Lighting |
| Right click | 770 |
| Select | 193 |
| Select group | 165 |
| Build/train/purchase | 139 |
| Misc. action | 99 |
| Chat | 61 |
| Resource trade | 17 |
| Use ability | 13 |
| Item give/drop | 12 |
| Minimap ping | 6 |
| Assign group | 5 |
| Remove unit | 4 |



| Boots of Speed | 4 | 1000 |
| total: | 4 | 1000g |
| Peasant | 18 | 1350 | / | 0 |
| Footman | 1 | 135 | / | 0 |
| Mortar Team | 3 | 540 | / | 210 |
| Flying Machine | 15 | 1500 | / | 450 |
| Dragonhawk Rider | 2 | 400 | / | 60 |
| total: | 39 | 3925g | / | 720w |
| Scout Tower | 34 | 1020 | / | 680 |
| Arcane Tower | 8 | 560 | / | 400 |
| Guard Tower | 12 | 840 | / | 600 |
| Altar of Kings | 2 | 360 | / | 100 |
| Barracks | 1 | 160 | / | 60 |
| Farm | 17 | 1360 | / | 340 |
| Lumber Mill | 1 | 120 | / | 0 |
| Town Hall | 1 | 385 | / | 205 |
| Blacksmith | 1 | 140 | / | 60 |
| Arcane Vault | 1 | 130 | / | 30 |
| Workshop | 3 | 420 | / | 420 |
| Gryphon Aviary | 1 | 140 | / | 150 |
| Keep | 1 | 320 | / | 210 |
| Castle | 1 | 360 | / | 210 |
| total: | 62 | 4235g | / | 2045w |
| 0:02 | Peasant |
| 0:06 | Altar of Kings |
| 0:07 | Peasant |
| 0:19 | Barracks |
| 0:23 | Farm |
| 0:29 | Peasant |
| 0:34 | Farm |
| 0:45 | Peasant |
| 0:57 | Peasant |
| 1:12 | Peasant |
| 1:22 | Footman |
| 1:30 | Scout Tower |
| 1:32 | Peasant |
| 1:39 | Peasant |
| 1:50 | Peasant |
| 1:58 | Arcane Tower |
| 2:07 | Lumber Mill |
| 2:13 | Peasant |
| 2:30 | Peasant |
| 2:35 | Storm Bolt |
| 3:15 | Peasant |
| 3:15 | Peasant |
| 3:39 | Town Hall |
| 3:55 | Scout Tower |
| 3:56 | Scout Tower |
| 3:56 | Scout Tower |
| 3:57 | Scout Tower |
| 4:03 | Peasant |
| 4:05 | Scout Tower |
| 4:06 | Scout Tower |
| 4:12 | Improved Lumber Harvesting |
| 4:13 | Improved Masonry |
| 4:31 | Arcane Tower |
| 4:35 | Arcane Tower |
| 4:41 | Guard Tower |
| 4:42 | Peasant |
| 5:03 | Guard Tower |
| 5:24 | Peasant |
| 5:24 | Peasant |
| 5:57 | Keep |
| 6:00 | Blacksmith |
| 6:02 | Farm |
| 6:03 | Farm |
| 6:08 | Peasant |
| 6:20 | Scout Tower |
| 6:21 | Scout Tower |
| 6:23 | Scout Tower |
| 6:25 | Scout Tower |
| 6:44 | Scout Tower |
| 6:45 | Scout Tower |
| 6:58 | Guard Tower |
| 7:02 | Scout Tower |
| 7:03 | Scout Tower |
| 7:05 | Scout Tower |
| 7:06 | Scout Tower |
| 7:15 | Black Gunpowder |
| 7:38 | Guard Tower |
| 7:39 | Scout Tower |
| 7:40 | Scout Tower |
| 7:47 | Scout Tower |
| 7:54 | Guard Tower |
| 7:57 | Iron Plating |
| 7:59 | Guard Tower |
| 8:09 | Arcane Tower |
| 8:14 | Guard Tower |
| 8:18 | Scout Tower |
| 8:20 | Scout Tower |
| 8:21 | Scout Tower |
| 8:21 | Scout Tower |
| 8:22 | Scout Tower |
| 8:26 | Castle |
| 8:35 | Advanced Lumber Harvesting |
| 8:36 | Advanced Masonry |
| 8:55 | Guard Tower |
| 8:57 | Arcane Tower |
| 9:03 | Workshop |
| 9:26 | Arcane Tower |
| 9:35 | Holy Light |
| 9:44 | Workshop |
| 9:47 | Workshop |
| 9:49 | Refined Gunpowder |
| 9:50 | Steel Plating |
| 9:51 | Guard Tower |
| 9:54 | Arcane Tower |
| 10:30 | Farm |
| 10:31 | Farm |
| 10:32 | Farm |
| 10:32 | Farm |
| 10:34 | Flak Cannons |
| 11:43 | Storm Bolt |
| 11:45 | Hex |
| 12:18 | Flying Machine Bombs |
| 12:18 | Fragmentation Shards |
| 12:18 | Flare |
| 12:19 | Mortar Team |
| 12:37 | Imbued Gunpowder |
| 12:38 | Mithril Plating |
| 12:42 | Farm |
| 12:42 | Farm |
| 12:45 | Farm |
| 12:46 | Farm |
| 12:46 | Farm |
| 13:57 | Flying Machine |
| 13:57 | Flying Machine |
| 13:57 | Flying Machine |
| 13:57 | Flying Machine |
| 13:57 | Flying Machine |
| 13:58 | Flying Machine |
| 13:58 | Flying Machine |
| 14:56 | Flying Machine |
| 14:56 | Flying Machine |
| 15:08 | Scout Tower |
| 15:09 | Scout Tower |
| 15:09 | Scout Tower |
| 15:10 | Scout Tower |
| 15:14 | Altar of Kings |
| 15:24 | Imbued Masonry |
| 15:51 | Scout Tower |
| 15:51 | Scout Tower |
| 15:52 | Scout Tower |
| 16:37 | Flying Machine |
| 16:37 | Flying Machine |
| 16:37 | Flying Machine |
| 16:41 | Farm |
| 16:47 | Guard Tower |
| 17:09 | Gryphon Aviary |
| 17:11 | Arcane Vault |
| 17:16 | Farm |
| 17:16 | Farm |
| 17:17 | Farm |
| 17:20 | Guard Tower |
| 17:22 | Guard Tower |
| 17:30 | Flying Machine |
| 17:32 | Studded Leather Armor |
| 17:38 | Brilliance Aura |
| 18:07 | Scout Tower |
| 18:08 | Scout Tower |
| 18:50 | Flying Machine |
| 18:50 | Flying Machine |
| 20:29 | Cloud |
| 20:29 | Dragonhawk Rider |
| 20:29 | Dragonhawk Rider |
| 21:06 | Blizzard |
| 21:12 | Arcane Tower |
| 23:35 | Holy Light |
| 23:37 | Bash |
| 23:43 | Healing Wave |
| 25:37 | Brilliance Aura |
| 26:38 | Divine Shield |
| 26:50 | Boots of Speed |
| 26:50 | Boots of Speed |
| 28:00 | Divine Shield |
| 28:47 | Blizzard |
| 28:49 | Storm Bolt |
| 29:44 | Boots of Speed |
| 29:44 | Boots of Speed |
| 30:14 | Mortar Team |
| 30:14 | Mortar Team |
| Right click | 1172 |
| Select group | 510 |
| Select | 399 |
| Build/train/purchase | 177 |
| Misc. action | 117 |
| Use ability | 84 |
| Assign group | 15 |
| Resource trade | 13 |
| Item give/drop | 4 |
| Minimap ping | 4 |
| Esc | 2 |
| Remove unit | 1 |